 Dungeon Crawl Stone Soup version 0.24-a0-201-gf205589 (webtiles) character file.

Game seed: 2552545523346217841

869 Ijustatesigmund the Conjurer (level 8, -5/48 HPs)
             Began as an Octopode Wizard on Mar 21, 2019.
             Slain by an orc warrior
             ... wielding a +0 halberd of protection
              (27 damage)
             ... on level 4 of the Dungeon.
             The game lasted 00:13:14 (6838 turns).

Ijustatesigmund the Conjurer (Octopode Wizard)      Turns: 6838, Time: 00:13:15

Health: -5/48      AC:  1    Str:  6    XL:     8   Next: 3%
Magic:  2/12       EV: 15    Int: 21    God:
Gold:   132        SH:  0    Dex: 12    Spells: 7/13 levels left

rFire    . . .     SeeInvis .   f - +8 hunting sling
rCold    . . .     Gourm    .   (no shield)
rNeg     . . .     Faith    .   a - +0 hat
rPois    .         Spirit   .   (no amulet)
rElec    .         Reflect  .   j - +2 ring of evasion
rCorr    .         Harm     .   (no ring)
MR       .....                  (no ring)
Stlth    +++.......             (no ring)
HPRegen  0.16/turn              (no ring)
MPRegen  0.13/turn              (no ring)
                                (no ring)
                                (no ring)

@: no status effects
A: almost no armour, stealthy swim, amphibious, 8 rings, constrict 8, camouflage
1, gelatinous body 1
a: no special abilities


You were on level 4 of the Dungeon.
You were not hungry.

You visited 1 branch of the dungeon, and saw 5 of its levels.

You collected 132 gold pieces.

Inventory:

Hand Weapons
 d - a +0 short sword
 f - a +8 hunting sling (weapon)
Armour
 a - a +0 hat (worn)
Jewellery
 j - a +2 ring of evasion (left tentacle)
Wands
 o - a wand of iceblast (5)
Scrolls
 k - 2 scrolls of remove curse
 m - a scroll of amnesia
 p - a scroll of magic mapping
Potions
 b - 2 potions of lignification {unknown}
 e - a potion of haste {unknown}
 g - 2 potions of magic
 l - a potion of might
 n - a potion of degeneration {unknown}
 q - a potion of flight {unknown}
 r - a potion of berserk rage {unknown}
Comestibles
 c - 4 rations


   Skills:
 - Level 1.6 Fighting
 + Level 4.4 Slings
 - Level 2.0 Dodging
 - Level 2.6 Stealth
 - Level 3.0 Spellcasting
 + Level 5.1 Conjurations
   Level 1.0 Summonings
 + Level 4.9 Translocations


You had 7 spell levels left.
You knew the following spells:

 Your Spells              Type           Power        Failure   Level  Hunger
a - Magic Dart            Conj           ###.         1%          1    None
b - Blink                 Tloc           N/A          2%          2    ##.....
c - Conjure Flame         Conj/Fire      ##......     14%         3    ###....

Your spell library contained the following spells:

 Spells                   Type           Power        Failure   Level  Hunger
 Call Imp                 Summ           #.......     13%         2    ##.....
 Slow                     Hex            #.......     21%         2    ##.....
 Mephitic Cloud           Conj/Pois/Air  ##......     21%         3    ###....


Dungeon Overview and Level Annotations

Branches:
Dungeon (5/15)
 Temple: D:4-7

Altars:


Innate Abilities, Weirdness & Mutations

You cannot wear most types of armour.
You are very stealthy in the water. (Stealth+)
You are amphibious.
You can wear up to eight rings at the same time.
You can use your tentacles to constrict eight enemies at once.
Your skin changes colour to match your surroundings (Stealth+).
Your rubbery body absorbs attacks. (AC +1, EV +1)


Message History

The magic dart hits the orc warrior but does no damage.
The orc warrior is heavily wounded.
Casting: Magic Dart (safe; 1% risk of failure)
Confirm with . or Enter, or press ? or * to list all spells.
Aiming: Magic Dart (safe; 1% risk of failure)
Press: ? - help, Shift-Dir - straight line, f/p - orc warrior
Aim: an orc warrior, wielding a +0 halberd of protection and wearing a +0 chain mail (heavily wounded)
The magic dart hits the orc warrior but does no damage.
The orc warrior is heavily wounded.
The orc warrior hits you from afar with a +0 halberd of protection!!
Casting: Magic Dart (safe; 1% risk of failure)
Confirm with . or Enter, or press ? or * to list all spells.
Aiming: Magic Dart (safe; 1% risk of failure)
Press: ? - help, Shift-Dir - straight line, f/p - orc warrior
Aim: an orc warrior, wielding a +0 halberd of protection and wearing a +0 chain mail (heavily wounded)
The magic dart hits the orc.
The orc is almost dead.
The orc warrior hits you from afar with a +0 halberd of protection!!
Ouch! That really hurt!
You die...

####.##....#### ....
......'....'..+ .....
#####..##....####.....
............>.......# #.#
...##.....#'######..##### #.#
......................... #.#
......................... #.#
.......#+#............... #.#
.........##.....@........ #.#
.......###...####o....... #.#
.......###...# .#o.......# #.#
##'##....#...##.#........# #.#
##.##..#.#...............######s#
...##..............(((..........#
.......#.##...#.#...........#####
..........+...+.#.......)...#
.......#.##...#.#...........#


You could see an orc warrior and an orc.

Vanquished Creatures
  Duvessa (D:4)
  An ogre (D:4)
  2 big kobolds
  Dowan (D:4)
  A crimson imp (D:5)
  2 orc priests
  2 hounds (D:4)
  A centaur skeleton (D:2)
  2 orc wizards
  A bullfrog skeleton (D:4)
  2 worker ants
  6 adders
  2 gnolls (D:4)
  2 oozes
  3 worms
  2 dart slugs (D:2)
  5 leopard geckos
  10 orcs
  A giant cockroach (D:1)
  8 goblins
  10 hobgoblins
  7 jackals
  7 kobolds
  3 ball pythons
  3 bats
  8 frilled lizards
  4 rats
97 creatures vanquished.

Vanquished Creatures (others)
  4 toadstools (D:1)
4 creatures vanquished.

Grand Total: 101 creatures vanquished

Notes
Turn   | Place    | Note
-------+----------+-------------------------------------------
     0 | D:1      | Ijustatesigmund the Octopode Wizard began the quest for the
                  | Orb.
     0 | D:1      | Reached XP level 1. HP: 11/11 MP: 4/4
   778 | D:1      | Reached skill level 1 in Fighting
   778 | D:1      | Reached XP level 2. HP: 18/18 MP: 3/6
   783 | D:1      | Learned a level 2 spell: Blink
  1810 | D:2      | Reached XP level 3. HP: 20/23 MP: 0/7
  1851 | D:2      | Reached skill level 2 in Conjurations
  2137 | D:2      | Learned a level 3 spell: Conjure Flame
  2228 | D:2      | Reached skill level 1 in Slings
  2228 | D:2      | Reached XP level 4. HP: 7/28 MP: 4/8
  3946 | D:3      | Reached XP level 5. HP: 33/33 MP: 9/9
  4310 | D:3      | Reached skill level 3 in Conjurations
  5062 | D:3      | Noticed a big kobold
  5074 | D:3      | Killed a big kobold
  5074 | D:3      | Reached XP level 6. HP: 30/38 MP: 0/10
  5297 | D:4      | Noticed Duvessa
  5297 | D:4      | Noticed Dowan
  5326 | D:5      | Entered Level 5 of the Dungeon
  5795 | D:5      | Reached skill level 4 in Conjurations
  5830 | D:5      | Reached XP level 7. HP: 31/43 MP: 11/11
  6569 | D:4      | Killed Duvessa
  6588 | D:4      | Killed Dowan
  6588 | D:4      | Reached skill level 5 in Conjurations
  6594 | D:4      | Reached XP level 8. HP: 39/48 MP: 10/12
  6838 | D:4      | Slain by an orc warrior

Levels and vault maps discovered:
D:1:      ldierk_walled_garden_2, layout_basic
D:2:      layout_basic, minmay_misc_feat_room
D:3:      layout_loops_cross, first_ration, guppyfry_early_orc_mine
D:4:      layout_basic, minmay_temple_entry_proselytizer, minmay_cupped,
          uniq_duvessa, uniq_natasha
D:5:      layout_basic, minmay_misc_feat_plants

Skill      XL: |  1  2  3  4  5  6  7 |
---------------+----------------------+-----
Fighting       | 1 |  1.6
Conjurations   | 2 3 4 5 |  5.1
Slings         | 1 2 3 4 |  4.4
Translocations | 2 3 4 |  4.9
Dodging        | |  2.0
Stealth        | |  2.6
Spellcasting   | |  3.0
Summonings     | |  1.0

Action                   |  1- 3 |  4- 6 |  7- 9 || total
-------------------------+-------+-------+-------++-------
Melee: Short sword       |     3 |       |       ||     3
 Fire: Hunting sling     |    17 |   108 |    21 ||   146
 Cast: Magic Dart        |    47 |    71 |    45 ||   163
       Blink             |       |     3 |     5 ||     8
       Conjure Flame     |       |     1 |       ||     1
Evoke: Wand              |       |     3 |     6 ||     9
  Use: Scroll            |     2 |     9 |     3 ||    14
       Potion            |       |       |     1 ||     1
 Stab: Sleeping          |     1 |       |       ||     1
  Eat: Chunk             |     3 |     6 |       ||     9
       Ration            |       |     2 |     1 ||     3
Armor: Skin              |       |     1 |     1 ||     2
Dodge: Dodged            |     5 |    23 |    22 ||    50

Table legend:
 A = Non-vault XP
 B = Vault XP
 C = Vault XP percentage of total XP
 D = Non-vault monster count
 E = Vault monster count
 F = Vault count percentage of total count
                 A         B        C        D         E       F
            +---------+---------+-------+---------+---------+-------
      Total |     964 |     278 |  22.4 |      87 |      10 |  10.3
            +---------+---------+-------+---------+---------+-------
        D:1 |      26 |       0 |   0.0 |      14 |       0 |   0.0
        D:2 |     116 |       0 |   0.0 |      26 |       0 |   0.0
        D:3 |     218 |      17 |   7.2 |      26 |       7 |  21.2
        D:4 |     461 |     261 |  36.1 |      13 |       3 |  18.8
        D:5 |     143 |       0 |   0.0 |       8 |       0 |   0.0
            +---------+---------+-------+---------+---------+-------
